 Dungeon Crawl Stone Soup version 0.31-a0-175-g9f7f995f2b (webtiles) character file.

Game seed: 7614869459896985468

1782 qw the Skirmisher (level 9, 0/82 HPs)
             Began as a Naga Hunter on June 17, 2023.
             Slain by a killer bee (1 damage)
             ... on level 7 of the Dungeon.
             The game lasted 00:02:21 (5065 turns).

qw the Skirmisher (Naga Hunter)                     Turns: 5065, Time: 00:02:21

Health: 0/82       AC: 11    Str: 13    XL:     9   Next: 8%
Magic:  9/9        EV: 11    Int:  9    God:
Gold:   345        SH:  0    Dex: 26    Spells: 8/8 levels left

rFire   . . .        c - +1 longbow (elec)
rCold   . . .        (shield currently unavailable)
rNeg    . . .        n - +2 leather armour {Will+}
rPois   +            d - +0 helmet
rElec   .            (no cloak)
rCorr   .            (no gloves)
SInv    +            (no barding)
Will    ++...        (no amulet)
Stlth   ++           h - +6 ring of dexterity
HPRegen 0.33/turn    g - +4 ring of protection
MPRegen 0.11/turn

%: no passive effects
@: about to teleport, very slow
A: AC +3, large, see invisible, deformed body, poison resistance, slowness 2,
spit poison 1, naga tail 1
a: Spit Poison


You were on level 7 of the Dungeon.
You visited 1 branch of the dungeon, and saw 7 of its levels.

You collected 365 gold pieces.
You spent 20 gold pieces at shops.


Innate Abilities, Weirdness & Mutations

Your serpentine skin is tough. (AC +3)
You have supernaturally acute eyesight. (SInv)
Armour fits poorly on your strangely shaped body.
Your system is resistant to poisons. (rPois)
You cover ground very slowly.
You can spit poison.
You have a snake-like lower body.


   Skills:
 - Level 6.0 Fighting
 - Level 9.1 Ranged Weapons
 - Level 1.1 Armour
 + Level 3.2 Dodging
 - Level 1.5 Stealth


You had 8 spell levels left.
You didn't know any spells.
Your spell library was empty.

Inventory:

Hand Weapons
 c - a +1 longbow of electrocution (weapon)
Armour
 d - a +0 helmet (worn)
 n - a +2 leather armour of willpower (worn)
Jewellery
 g - a +4 ring of protection (right hand)
 h - a +6 ring of dexterity (left hand)
Scrolls
 a - a scroll of teleportation
 l - 2 scrolls of identify
Potions
 b - a potion of curing
 e - a potion of haste
 j - a potion of might
 k - a potion of mutation
 m - a potion of enlightenment

Dungeon Overview and Level Annotations

Branches:
Dungeon (7/15)             Temple (0/1) D:7

Altars:
Qazlal
Trog
Uskayaw
Yredelemnul

Shops:
D:2 ?   D:3 =

Annotations:
D:3 3 runed translucent doors, qw's ghost, amateur GrFi; qw's ghost, amateur GrHu; qw's ghost, amateur NaHu


Message History

Aiming: Spit Poison (1% risk of failure)
Press: ? - help, Shift-Dir - straight line, f/p - killer bee The splash of poison hits the killer bee!
The killer bee is poisoned.
You kill the killer bee!
The killer bee stings you but does no damage.
The killer bee barely misses you.
The killer bee stings you but does no damage.
The killer bee misses you. The killer bee closely misses you.
The killer bee stings you.
You feel your dexterity returning.
Your Fighting skill increases to level 6!
You shoot an arrow.
The arrow closely misses the killer bee.
The killer bee closely misses you. The killer bee barely misses you.
The killer bee stings you but does no damage.
The killer bee stings you. x3
The killer bee stings you but does no damage.
The killer bee barely misses you. The killer bee stings you!
You shoot an arrow.
The arrow closely misses the killer bee.
The killer bee closely misses you. x2; The killer bee stings you. x2
The killer bee stings you but does no damage.
The killer bee closely misses you. x2
The killer bee stings you but does no damage.
The killer bee stings you!
5064 ||| READING 2 scrolls of teleportation.
As you read the scroll of teleportation, it crumbles to dust.
You feel strangely unstable. The killer bee stings you. x2
The killer bee stings you but does no damage.
The killer bee stings you. x3
You shoot an arrow. The arrow misses the killer bee.
You have got your breath back.
The killer bee barely misses you. The killer bee misses you.
The killer bee stings you but does no damage.
The killer bee closely misses you.
The killer bee stings you but does no damage.
The killer bee stings you.
You die...

..#......#.#
.......#.#.
......#.#.#
......#.>. #....#.#.#
#.....#.#. #yy....#.#
##########.@y......
##.....##...........
##...[...............
#....................
#..........>.........
#....................
#....................
#....................
#............?......


You could see 3 killer bees.

Vanquished Creatures
  2 steam dragons (D:6)
  A black bear (D:5)
  A sky beast (D:6)
  A centaur (D:6)
  A phantom (D:4)
  A necrophage (D:4)
  3 scorpions
  3 wights (D:4)
  2 killer bees (D:7)
  A human zombie (D:4)
  2 hounds (D:5)
  A jelly (D:4)
  3 orc priests
  4 sleepcaps
  A scorpion zombie (D:4)
  4 iguanas
  An orc wizard (D:6)
  2 mummies (D:4)
  6 adders
  2 white imps (D:6)
  An ufetubus (D:4)
  4 adder zombies (D:4)
  2 worms
  A dart slug (D:1)
  13 orcs
  5 endoplasms
  A giant cockroach (D:3)
  9 goblins
  8 hobgoblins
  5 quokkas
  11 ball pythons
  5 bats
  5 frilled lizards
  8 kobolds
  7 rats
127 creatures vanquished.

Notes
Turn   | Place    | Note
-------+----------+-------------------------------------------
     0 | D:1      | qw the Naga Hunter began the quest for the Orb.
     0 | D:1      | Reached XP level 1. HP: 19/19 MP: 1/1
     0 | D:1      | 0 ||| qw: Version: 0.3-a-3-g30531e4
     0 | D:1      | 0 ||| qw: Game counter: 389
     0 | D:1      | 0 ||| qw: Always use a shield: true
     0 | D:1      | 0 ||| qw: God list: Okawaru
     0 | D:1      | 0 ||| qw: Allow faded altars: false
     0 | D:1      | 0 ||| qw: Do Orc after D:15 true
     0 | D:1      | 0 ||| qw: Do second Lair branch before Depths: true
     0 | D:1      | 0 ||| qw: Lair rune preference: random
     0 | D:1      | 0 ||| qw: Plans: Normal
     0 | D:1      | 0 ||| PLANNING D:1-11
     6 | D:1      | 6 ||| INVOKING Spit Poison.
    84 | D:1      | 84 ||| INVOKING Spit Poison.
    87 | D:1      | 87 ||| INVOKING Spit Poison.
   102 | D:1      | Reached skill level 4 in Ranged Weapons
   102 | D:1      | Reached XP level 2. HP: 26/26 MP: 2/2
   112 | D:1      | 112 ||| INVOKING Spit Poison.
   115 | D:1      | 115 ||| INVOKING Spit Poison.
   183 | D:1      | 183 ||| INVOKING Spit Poison.
   189 | D:1      | 189 ||| INVOKING Spit Poison.
   197 | D:1      | 197 ||| INVOKING Spit Poison.
   203 | D:1      | 203 ||| INVOKING Spit Poison.
   206 | D:1      | 206 ||| INVOKING Spit Poison.
   211 | D:1      | 211 ||| INVOKING Spit Poison.
   217 | D:1      | 217 ||| INVOKING Spit Poison.
   220 | D:1      | HP: 6/26 [ball python (1)]
   223 | D:1      | Reached XP level 3. HP: 8/32 MP: 3/3
   356 | D:1      | 356 ||| INVOKING Spit Poison.
   414 | D:1      | 414 ||| INVOKING Spit Poison.
   542 | D:1      | 542 ||| INVOKING Spit Poison.
   547 | D:1      | 547 ||| UPGRADING to +6 ring of dexterity.
   548 | D:1      | 548 ||| READING 2 scrolls labelled SAPPIT TAI.
   551 | D:1      | 551 ||| READING scroll labelled NYDUKO FYORE.
   552 | D:1      | 552 ||| READING scroll labelled KOUTZAUWIUTH.
   553 | D:1      | 553 ||| DRINKING 3 murky pink potions.
   658 | D:1      | 658 ||| DROPPING scroll of butterflies.
   659 | D:1      | 659 ||| DROPPING 2 potions of berserk rage.
   679 | D:2      | 679 ||| INVOKING Spit Poison.
   683 | D:2      | 683 ||| INVOKING Spit Poison.
   716 | D:2      | Found a faded altar of an unknown god.
   718 | D:2      | 718 ||| INVOKING Spit Poison.
   733 | D:2      | 733 ||| INVOKING Spit Poison.
   747 | D:2      | 747 ||| INVOKING Spit Poison.
   752 | D:2      | 752 ||| INVOKING Spit Poison.
   757 | D:2      | 757 ||| INVOKING Spit Poison.
   825 | D:2      | 825 ||| INVOKING Spit Poison.
   872 | D:2      | Found Ahosuyl's Magic Scroll Shoppe.
   875 | D:2      | 875 ||| SHOPLISTING scroll of brand weapon (95 gold, have
                  | 80).
   875 | D:2      | 875 ||| BUYING scroll of identify (20 gold).
   875 | D:2      | Bought a scroll of identify for 20 gold pieces
   930 | D:2      | Reached skill level 5 in Ranged Weapons
   930 | D:2      | Reached XP level 4. HP: 39/39 MP: 4/4
  1054 | D:2      | 1054 ||| INVOKING Spit Poison.
  1055 | D:2      | 1055 ||| INVOKING Spit Poison.
  1076 | D:2      | 1076 ||| INVOKING Spit Poison.
  1081 | D:2      | 1081 ||| UPGRADING to +4 ring of protection.
  1082 | D:2      | 1082 ||| READING 2 scrolls labelled ACKULA IMAHOTS.
  1083 | D:2      | 1083 ||| READING scroll labelled ZEBODA TUDDOM.
  1184 | D:2      | 1184 ||| READING scroll labelled ITRUBBUVVU.
  1254 | D:2      | 1254 ||| READING scroll labelled QITEYCLIZAI.
  1255 | D:2      | 1255 ||| DRINKING 2 yellow potions.
  1263 | D:2      | 1263 ||| DROPPING scroll of revelation.
  1264 | D:2      | 1264 ||| DROPPING potion of ambrosia.
  1324 | D:3      | 1324 ||| INVOKING Spit Poison.
  1337 | D:3      | 1337 ||| INVOKING Spit Poison.
  1361 | D:3      | 1361 ||| INVOKING Spit Poison.
  1376 | D:3      | 1376 ||| INVOKING Spit Poison.
  1427 | D:3      | 1427 ||| INVOKING Spit Poison.
  1439 | D:3      | Found a runed translucent gate.
  1441 | D:3      | Found a runed translucent gate.
  1441 | D:3      | Found a runed translucent gate.
  1441 | D:3      | Noticed qw's ghost (amateur GrFi)
  1441 | D:3      | Noticed qw's ghost (amateur GrHu)
  1441 | D:3      | Noticed qw's ghost (amateur GrHu)
  1442 | D:3      | Noticed qw's ghost (amateur NaHu)
  1442 | D:3      | Noticed qw's ghost (amateur GrHu)
  1472 | D:3      | 1472 ||| INVOKING Spit Poison.
  1488 | D:3      | 1488 ||| INVOKING Spit Poison.
  1532 | D:3      | 1532 ||| INVOKING Spit Poison.
  1559 | D:3      | 1559 ||| INVOKING Spit Poison.
  1636 | D:3      | 1636 ||| INVOKING Spit Poison.
  1701 | D:3      | 1701 ||| INVOKING Spit Poison.
  1717 | D:3      | Found Soss's Jewellery Emporium.
  1720 | D:3      | 1720 ||| SHOPLISTING ring of protection from fire (250
                  | gold, have 129).
  1721 | D:3      | 1721 ||| INVOKING Spit Poison.
  1893 | D:3      | 1893 ||| READING scroll labelled OSOSMOLOSI.
  2002 | D:4      | 2002 ||| INVOKING Spit Poison.
  2004 | D:4      | Reached skill level 3 in Fighting
  2024 | D:4      | 2024 ||| INVOKING Spit Poison.
  2036 | D:4      | Noticed a phantom
  2038 | D:4      | 2038 ||| INVOKING Spit Poison.
  2041 | D:4      | 2041 ||| INVOKING Spit Poison.
  2048 | D:4      | Killed a phantom
  2049 | D:4      | Reached XP level 5. HP: 42/49 MP: 5/5
  2115 | D:4      | 2115 ||| INVOKING Spit Poison.
  2216 | D:4      | 2216 ||| INVOKING Spit Poison.
  2358 | D:4      | 2358 ||| INVOKING Spit Poison.
  2438 | D:4      | Found a bloodstained altar of Trog.
  2439 | D:4      | 2439 ||| INVOKING Spit Poison.
  2444 | D:4      | 2444 ||| INVOKING Spit Poison.
  2476 | D:4      | 2476 ||| INVOKING Spit Poison.
  2488 | D:4      | 2488 ||| INVOKING Spit Poison.
  2492 | D:4      | 2492 ||| INVOKING Spit Poison.
  2493 | D:4      | Reached XP level 6. HP: 51/56 MP: 6/6
  2567 | D:4      | 2567 ||| INVOKING Spit Poison.
  2587 | D:4      | Reached skill level 6 in Ranged Weapons
  2717 | D:4      | Reached XP level 7. HP: 36/63 MP: 7/7
  3012 | D:4      | Found a basalt altar of Yredelemnul.
  3057 | D:4      | 3057 ||| READING scroll labelled IVYNNE QIUQIPOR.
  3058 | D:4      | 3058 ||| DRINKING 2 grey potions.
  3059 | D:4      | 3059 ||| READING 3 scrolls of identify.
  3059 | D:4      | 3059 ||| IDENTIFYING ruby potion
  3060 | D:4      | 3060 ||| READING 2 scrolls of identify.
  3060 | D:4      | 3060 ||| IDENTIFYING red potion
  3061 | D:4      | 3061 ||| DROPPING potion of brilliance.
  3083 | D:5      | Entered Level 5 of the Dungeon
  3088 | D:5      | 3088 ||| STAIRDANCE
  3097 | D:4      | Reached skill level 7 in Ranged Weapons
  3245 | D:5      | 3245 ||| INVOKING Spit Poison.
  3248 | D:5      | 3248 ||| FLEEEEING.
  3249 | D:5      | 3249 ||| INVOKING Spit Poison.
  3255 | D:5      | 3255 ||| INVOKING Spit Poison.
  3259 | D:5      | 3259 ||| INVOKING Spit Poison.
  3389 | D:5      | 3389 ||| INVOKING Spit Poison.
  3412 | D:5      | 3412 ||| INVOKING Spit Poison.
  3444 | D:5      | 3444 ||| INVOKING Spit Poison.
  3448 | D:5      | 3448 ||| INVOKING Spit Poison.
  3449 | D:5      | Reached XP level 8. HP: 72/72 MP: 8/8
  3472 | D:5      | 3472 ||| INVOKING Spit Poison.
  3516 | D:5      | 3516 ||| INVOKING Spit Poison.
  3520 | D:5      | 3520 ||| INVOKING Spit Poison.
  3521 | D:5      | Reached skill level 3 in Dodging
  3562 | D:5      | 3562 ||| INVOKING Spit Poison.
  3567 | D:5      | 3567 ||| INVOKING Spit Poison.
  3578 | D:5      | Found a hide-covered altar of Uskayaw.
  3659 | D:5      | 3659 ||| INVOKING Spit Poison.
  3660 | D:5      | 3660 ||| Stepping ~*~*~tactically~*~*~ (outnumbered).
  3662 | D:5      | 3662 ||| Stepping ~*~*~tactically~*~*~ (outnumbered).
  3664 | D:5      | 3664 ||| INVOKING Spit Poison.
  3670 | D:5      | 3670 ||| INVOKING Spit Poison.
  3675 | D:5      | 3675 ||| INVOKING Spit Poison.
  3708 | D:5      | 3708 ||| INVOKING Spit Poison.
  3713 | D:5      | 3713 ||| INVOKING Spit Poison.
  3716 | D:5      | Reached skill level 8 in Ranged Weapons
  3864 | D:5      | 3864 ||| UPGRADING to +0 helmet.
  3869 | D:5      | 3869 ||| UPGRADING to +2 leather armour of willpower.
  3879 | D:5      | 3879 ||| DROPPING +0 leather armour.
  3880 | D:5      | 3880 ||| DRINKING 2 inky potions.
  3881 | D:5      | 3881 ||| READING 4 scrolls of identify.
  3881 | D:5      | 3881 ||| IDENTIFYING lumpy clear potion
  3882 | D:5      | 3882 ||| READING 3 scrolls of identify.
  3882 | D:5      | 3882 ||| IDENTIFYING dark potion
  3883 | D:5      | 3883 ||| READING 2 scrolls of identify.
  3883 | D:5      | 3883 ||| IDENTIFYING bubbling dark potion
  3884 | D:5      | 3884 ||| DROPPING potion of degeneration.
  3885 | D:5      | 3885 ||| DROPPING potion of attraction.
  3907 | D:6      | 3907 ||| INVOKING Spit Poison.
  3910 | D:6      | 3910 ||| INVOKING Spit Poison.
  3913 | D:6      | 3913 ||| STAIRDANCE
  3969 | D:6      | 3969 ||| INVOKING Spit Poison.
  3976 | D:6      | 3976 ||| INVOKING Spit Poison.
  3977 | D:6      | 3977 ||| INVOKING Spit Poison.
  4075 | D:6      | 4075 ||| INVOKING Spit Poison.
  4079 | D:6      | 4079 ||| INVOKING Spit Poison.
  4121 | D:6      | 4121 ||| SWAPPING to +0 orcbow.
  4122 | D:6      | 4122 ||| INVOKING Spit Poison.
  4125 | D:6      | 4125 ||| INVOKING Spit Poison.
  4130 | D:6      | 4130 ||| INVOKING Spit Poison.
  4131 | D:6      | 4131 ||| DROPPING +0 shortbow.
  4138 | D:6      | 4138 ||| INVOKING Spit Poison.
  4142 | D:6      | 4142 ||| INVOKING Spit Poison.
  4145 | D:6      | 4145 ||| INVOKING Spit Poison.
  4219 | D:6      | 4219 ||| INVOKING Spit Poison.
  4285 | D:6      | Found a stormy altar of Qazlal.
  4292 | D:6      | Identified the +0 robe of the Raven {Rampage +Inv rCorr
                  | Archmagi}
  4346 | D:6      | 4346 ||| INVOKING Spit Poison.
  4353 | D:6      | 4353 ||| INVOKING Spit Poison.
  4359 | D:6      | 4359 ||| INVOKING Spit Poison.
  4361 | D:6      | 4361 ||| Stepping ~*~*~tactically~*~*~ (cloud).
  4517 | D:6      | 4517 ||| INVOKING Spit Poison.
  4520 | D:6      | 4520 ||| Stepping ~*~*~tactically~*~*~ (cloud).
  4522 | D:6      | 4522 ||| INVOKING Spit Poison.
  4529 | D:6      | 4529 ||| INVOKING Spit Poison.
  4533 | D:6      | Reached skill level 9 in Ranged Weapons
  4661 | D:6      | Identified the +6 scale mail "Taugaxed" {+Blink Regen+
                  | Int-2 Slay-3}
  4684 | D:6      | 4684 ||| DROPPING +0 robe of the Raven {Rampage +Inv rCorr
                  | Archmagi}.
  4685 | D:6      | 4685 ||| READING 3 scrolls labelled JUDUIB JILLIZI.
  4686 | D:6      | 4686 ||| READING 2 scrolls of enchant weapon.
  4686 | D:6      | 4686 ||| ENCHANTING +1 orcbow.
  4687 | D:6      | 4687 ||| READING scroll of enchant weapon.
  4687 | D:6      | 4687 ||| ENCHANTING +2 orcbow.
  4688 | D:6      | 4688 ||| READING scroll labelled DEORI FULOODGH.
  4689 | D:6      | 4689 ||| READING 2 scrolls labelled AKLUXA JIOTUN.
  4689 | D:6      | Identified 2 scrolls of acquirement
  4689 | D:6      | 4689 ||| ACQUIRING +2 arbalest of flaming
  4689 | D:6      | Acquired a +2 arbalest of flaming
  4690 | D:6      | 4690 ||| READING scroll of acquirement.
  4690 | D:6      | 4690 ||| ACQUIRING +1 longbow of electrocution
  4690 | D:6      | Acquired a +1 longbow of electrocution
  4692 | D:6      | 4692 ||| SWAPPING to +1 longbow of electrocution.
  4693 | D:6      | 4693 ||| DROPPING +3 orcbow.
  4694 | D:6      | 4694 ||| DRINKING 2 viscous dark potions.
  4737 | D:6      | 4737 ||| READING 4 scrolls of identify.
  4737 | D:6      | 4737 ||| IDENTIFYING puce potion
  4738 | D:6      | 4738 ||| READING 3 scrolls of identify.
  4738 | D:6      | 4738 ||| IDENTIFYING murky blue potion
  4739 | D:6      | 4739 ||| DROPPING potion of lignification.
  4744 | D:7      | 4744 ||| INVOKING Spit Poison.
  4745 | D:7      | 4745 ||| STAIRDANCE
  4748 | D:6      | 4748 ||| INVOKING Spit Poison.
  4794 | D:7      | 4794 ||| STAIRDANCE
  4828 | D:7      | 4828 ||| INVOKING Spit Poison.
  4832 | D:7      | 4832 ||| STAIRDANCE
  4834 | D:6      | 4834 ||| INVOKING Spit Poison.
  4837 | D:6      | Reached skill level 1 in Armour
  4838 | D:6      | 4838 ||| INVOKING Spit Poison.
  4839 | D:6      | HP: 13/74 [orc priest/nerve-wracking pain (9)]
  4840 | D:6      | 4840 ||| READING 3 scrolls of teleportation.
  4841 | D:6      | 4841 ||| DRINKING potion of heal wounds.
  4843 | D:6      | Reached XP level 9. HP: 31/81 MP: 9/9
  4843 | D:6      | 4843 ||| INVOKING Spit Poison.
  5006 | D:6      | 5006 ||| INVOKING Spit Poison.
  5009 | D:6      | 5009 ||| INVOKING Spit Poison.
  5012 | D:6      | 5012 ||| INVOKING Spit Poison.
  5050 | D:7      | Found a staircase to the Ecumenical Temple.
  5051 | D:7      | 5051 ||| PLANNING TEMPLE
  5052 | D:7      | 5052 ||| INVOKING Spit Poison.
  5055 | D:7      | 5055 ||| INVOKING Spit Poison.
  5058 | D:7      | 5058 ||| INVOKING Spit Poison.
  5061 | D:7      | 5061 ||| INVOKING Spit Poison.
  5062 | D:7      | Reached skill level 6 in Fighting
  5063 | D:7      | HP: 15/82 [killer bee (8)]
  5064 | D:7      | 5064 ||| READING 2 scrolls of teleportation.
  5064 | D:7      | HP: 7/82 [killer bee (1)]
  5064 | D:7      | HP: 1/82 [killer bee (6)]
  5065 | D:7      | Slain by a killer bee

Levels and vault maps discovered:
D:1:      mrwooster_arrival_arrow, layout_rooms, minmay_three_crescents
D:2:      layout_rooms, dreamdust_ecumenical_altar_grove, serial_shops,
          nicolae_shop_rolled_up
D:3:      layout_loops_ring, gammafunk_ghost_cemetery, serial_shops,
          nicolae_shop_tiny_real_fake_doors
D:4:      layout_loops_ring, lemuel_mausoleum_altar_yredelemnul,
          trog_antimagical, hex_large
D:5:      layout_rooms, mainiacjoe_overflow_tiny_flanked, minivault_19
D:6:      cheibrodos_steamvent, layout_basic, lemuel_round_altar
D:7:      layout_rooms, tgw_fedhas, minmay_temple_entry_grid, uniq_joseph

Skill      XL: |  1  2  3  4  5  6  7  8  9 |
---------------+----------------------------+-----
Ranged Weapons | 4 5 6 7 9 |  9.1
Fighting       | 3 4 5 6 |  6.0
Dodging        | 2 3 |  3.2
Armour         | 1 |  1.1
Stealth        | |  1.5

Action                     |  1- 3 |  4- 6 |  7- 9 || total
---------------------------+-------+-------+-------++-------
   Fire: Shortbow          |    83 |    81 |   161 ||   325
         Orcbow            |       |       |    37 ||    37
         Longbow           |       |       |    26 ||    26
Ability: Spit Poison       |    23 |    27 |    51 ||   101
    Use: Scroll            |     3 |     5 |    16 ||    24
         Potion            |     1 |     1 |     4 ||     6
 Armour: Leather armour    |     6 |    11 |   108 ||   125
  Dodge: Dodged            |    20 |    25 |   145 ||   190

Table legend:
 A = Non-vault XP
 B = Vault XP
 C = Vault XP percentage of total XP
 D = Non-vault monster count
 E = Vault monster count
 F = Vault count percentage of total count
                 A         B        C        D         E       F
            +---------+---------+-------+---------+---------+-------
      Total |    1708 |     838 |  32.9 |     104 |      23 |  18.1
            +---------+---------+-------+---------+---------+-------
        D:1 |      35 |      10 |  22.2 |      21 |       6 |  22.2
        D:2 |      42 |       0 |   0.0 |      18 |       0 |   0.0
        D:3 |      40 |       0 |   0.0 |      15 |       0 |   0.0
        D:4 |     354 |     461 |  56.6 |      16 |      15 |  48.4
        D:5 |     494 |       0 |   0.0 |      16 |       0 |   0.0
        D:6 |     573 |     367 |  39.0 |      15 |       2 |  11.8
        D:7 |     170 |       0 |   0.0 |       3 |       0 |   0.0
            +---------+---------+-------+---------+---------+-------
